 Dungeon Crawl Stone Soup version 0.30-a0-321-gf7783e6616 (console) character file.

Game seed: 7398529910696187307

853 rossy the Ruffian (level 7, -3/71 HPs)
             Began as a Troll Fighter on Oct 27, 2022.
             Was an Initiate of Wu Jian.
             Slain by an ice beast (11 damage)
             ... on level 5 of the Dungeon.
             The game lasted 00:09:09 (3351 turns).

rossy the Ruffian (Troll Fighter)                   Turns: 3351, Time: 00:09:10

Health: -3/71      AC:  4    Str: 25    XL:     7   Next: 70%
Magic:  6/6        EV:  8    Int:  6    God:    Wu Jian [......]
Gold:   139        SH:  8    Dex:  9    Spells: 6/6 levels left

rFire   . . .      SeeInvis +      - Unarmed
rCold   . . .      Faith    +    b - +0 kite shield
rNeg    + . .      Spirit   .    a - +0 robe
rPois   .          Reflect  .    (helmet restricted)
rElec   .          Harm     .    (no cloak)
rCorr   .          Rampage  .    (gloves unavailable)
Will    .....                    (boots unavailable)
Stlth   +.........               g - amulet of faith
HPRegen 1.11/turn                q - ring of see invisible
MPRegen 0.10/turn                s - ring of positive energy

@: no status effects
A: large, unfitting armour, claws 3, regeneration 1, shaggy fur 1, tough skin 1
a: Renounce Religion


You were on level 5 of the Dungeon.
You worshipped Wu Jian.
Wu Jian was noncommittal.
You visited 1 branch of the dungeon, and saw 5 of its levels.

You collected 377 gold pieces.
You spent 238 gold pieces at shops.

Inventory:

Missiles
 k - 24 stones (quivered)
 w - 10 poisoned darts
Armour
 a - a +0 robe (worn)
 b - a +0 kite shield (worn)
Jewellery
 g - an amulet of faith (around neck)
 q - a ring of see invisible (left claw)
 r - a ring of protection from fire
 s - a ring of positive energy (right claw)
 v - a ring of poison resistance
 x - an amulet of regeneration
Wands
 u - a wand of flame (13)
Scrolls
 d - a scroll of brand weapon
 f - 2 scrolls of blinking
 i - 3 scrolls of teleportation
 j - 4 scrolls of identify
 l - 3 scrolls of vulnerability {unknown}
 n - 2 scrolls of torment
 y - a scroll of butterflies {unknown}
 C - a scroll of fear {unknown}
 D - a scroll of acquirement {unknown}
 E - a scroll of noise {unknown}
 F - a scroll of poison {unknown}
 G - a scroll of enchant armour {unknown}
Potions
 c - 3 potions of might
 e - a potion of resistance
 h - a potion of invisibility {unknown}
 m - 3 potions of curing
 o - a potion of lignification {unknown}
 p - a potion of magic {unknown}
 t - 2 potions of heal wounds {unknown}
 z - a potion of haste
 A - 2 potions of flight
 B - a potion of cancellation {unknown}


   Skills:
 + Level 4.3 Fighting
 - Level 2.4 Dodging
 + Level 4.8 Shields
 * Level 6.4 Unarmed Combat


You had 6 spell levels left.
You didn't know any spells.
Your spell library contained the following spells:

 Spells                   Type           Power      Damage    Failure   Level
 Magic Dart               Conj           0%         1d3       73%         1
 Call Imp                 Summ           0%         N/A       86%         2
 Searing Ray              Conj           0%         2d4       86%         2
 Call Canine Familiar     Summ           0%         N/A       97%         3
 Mephitic Cloud           Conj/Pois/Air  0%         N/A       97%         3
 Portal Projectile        Hex/Tloc       0%         N/A       97%         3
 Fulminant Prism          Conj/Hex       0%         3d6       100%        4
 Leda's Liquefaction      Hex/Erth       0%         N/A       100%        4


Dungeon Overview and Level Annotations

Branches:
Dungeon (5/15)
 Temple: D:4-7

Altars:
Kikubaaqudgha
Wu Jian
Zin

Shops:
D:4 !

Annotations:
D:3 3 runed translucent doors, thfrgi's ghost, amateur NaTm


Innate Abilities, Weirdness & Mutations

You are too large for most types of armour.
You have claws for hands.
Your natural rate of healing is unusually fast.
You are covered in fur. (AC +1)
You have tough skin. (AC +1)


Message History

You block the ice beast's attack. The black bear completely misses you.
The black bear claws you.
The black bear claws you but does no damage.
You scratch the black bear but do no damage.
The black bear is severely wounded.
The ice beast barely misses you. The black bear bites you!
The black bear closely misses you. You block the black bear's attack.
You scratch the black bear.
The black bear is severely wounded.
The ice beast hits you. The ice beast freezes you!
You block the black bear's attack. x2; The black bear closely misses you.
You scratch the black bear.
The black bear is almost dead.
The ice beast hits you. The ice beast freezes you! The black bear bites you.
The black bear claws you. x2
You scratch the black bear.
You kill the black bear!
The Council accepts your kill. The ice beast hits you.
* * * LOW HITPOINT WARNING * * *
The ice beast freezes you.
* * * LOW HITPOINT WARNING * * *
You feel better. The ice beast hits you.
* * * LOW HITPOINT WARNING * * *
The ice beast freezes you.
* * * LOW HITPOINT WARNING * * *
You barely miss the ice beast.
The ice beast hits you but does no damage.
You closely miss the ice beast. The ice beast hits you.
* * * LOW HITPOINT WARNING * * *
The ice beast freezes you!
* * * LOW HITPOINT WARNING * * *
You mangle the ice beast!!
The ice beast is severely wounded.
You block the ice beast's attack.
You barely miss the ice beast.
The ice beast is severely wounded.
You block the ice beast's attack.
You scratch the ice beast.
The ice beast is severely wounded.
You block the ice beast's attack. The ice beast hits you.
* * * LOW HITPOINT WARNING * * *
The ice beast freezes you!
You die...

######### ......... ..#
#.......# #.#########
#........ #.........#
#.......# #.........#
........#####.........#
......†Y@.............#
.....###.####.........###
... +...................
. ###..<.#.........###
####.#.........#
#.#.........#
#.#.........#
#.########### #.# #.. #..
#


You could see an ice beast.

Vanquished Creatures
  2 black bears
  An ice beast (D:5)
  3 scorpions
  A howler monkey (D:4)
  4 hounds (D:5)
  An iguana (D:5)
  2 orc wizards
  4 adders
  2 worms
  2 dart slugs
  21 orcs
  15 endoplasms
  2 giant cockroaches
  7 goblins
  5 hobgoblins
  4 jackals (D:1)
  4 quokkas
  14 ball pythons
  5 bats
  4 frilled lizards
  8 kobolds
  3 rats
114 creatures vanquished.

Notes
Turn   | Place    | Note
-------+----------+-------------------------------------------
     0 | D:1      | rossy the Troll Fighter began the quest for the Orb.
     0 | D:1      | Reached XP level 1. HP: 22/22 MP: 0/0
    43 | D:1      | Found a faded altar of an unknown god.
    82 | D:1      | Reached XP level 2. HP: 29/29 MP: 1/1
   101 | D:1      | You fall into a shaft and drop 1 floor!
   541 | D:2      | Reached XP level 3. HP: 33/36 MP: 2/2
   625 | D:2      | Reached skill level 3 in Unarmed Combat
  1555 | D:3      | Reached XP level 4. HP: 44/44 MP: 3/3
  1734 | D:3      | Found an ancient bone altar of Kikubaaqudgha.
  1821 | D:3      | Found a runed translucent gate.
  1821 | D:3      | Found a runed translucent gate.
  1821 | D:3      | Found a runed translucent gate.
  1821 | D:3      | Noticed thfrgi's ghost (amateur NaTm)
  1941 | D:3      | Noticed a scorpion
  1947 | D:3      | Killed a scorpion
  1948 | D:3      | Reached skill level 4 in Unarmed Combat
  1948 | D:3      | Reached XP level 5. HP: 46/53 MP: 4/4
  2231 | D:4      | Noticed a black bear
  2243 | D:4      | Killed a black bear
  2244 | D:4      | Reached XP level 6. HP: 23/61 MP: 5/5
  2333 | D:4      | Reached skill level 5 in Unarmed Combat
  2363 | D:4      | Found Vimu's Distillery.
  2371 | D:4      | Bought a potion of haste for 140 gold pieces
  2371 | D:4      | Bought a potion of curing for 42 gold pieces
  2371 | D:4      | Bought a potion of flight for 42 gold pieces
  2371 | D:4      | Bought a potion of degeneration for 14 gold pieces
  2752 | D:4      | Found a glowing silver altar of Zin.
  2903 | D:5      | Entered Level 5 of the Dungeon
  2965 | D:5      | Reached XP level 7. HP: 54/68 MP: 6/6
  3047 | D:5      | Reached skill level 6 in Unarmed Combat
  3059 | D:5      | Found an ornate altar of the Wu Jian Council.
  3069 | D:5      | Became a worshipper of the Wu Jian Council
  3351 | D:5      | Slain by an ice beast

Illustrated notes

Levels and vault maps discovered:
D:1:      nicolae_arrival_washed_ashore, layout_rooms,
          nicolae_ecumenical_snake_handling, ebering_dispersal_statue_hall,
          roderic_serpentine_path
D:2:      layout_loops_corners
D:3:      layout_rooms, nicolae_kikubaaqudgha_miasma_corner,
          ebering_ghost_rock_garden, minmay_checkerbox
D:4:      layout_rooms, lemuel_doored_altar, serial_shops, nicolae_diamond_shop,
          nicolae_elevator_lobby_plus
D:5:      layout_basic, nicolae_wu_jian_wuxing_cycle

Skill      XL: |  1  2  3  4  5  6  7 |
---------------+----------------------+-----
Shields        | 3 4 |  4.8
Unarmed Combat | 3 4 5 6 |  6.4
Fighting       | 3 4 |  4.3
Dodging        | |  2.4

Action                   |  1- 3 |  4- 6 |  7- 9 || total
-------------------------+-------+-------+-------++-------
Melee: Unarmed           |   105 |   150 |    68 ||   323
Invok: Lunge             |       |       |     2 ||     2
  Use: Scroll            |       |     6 |       ||     6
       Potion            |       |       |     1 ||     1
 Stab: Sleeping          |     1 |     1 |       ||     2
Armor: Robe              |    23 |    29 |    15 ||    67
Dodge: Dodged            |    28 |    49 |    22 ||    99
Block: Kite shield       |    32 |    50 |    34 ||   116

Table legend: (Time is in decaauts)
 A = Elapsed time spent in this place.
 B = Non-inter-level travel time spent in this place.
 C = Inter-level travel time spent in this place.
 D = Time resting spent in this place.
 E = Time spent auto-exploring this place.
 F = Levels seen in this place.
 G = Mean time per level.
                   A        B        C        D        E       F      G
               +--------+--------+--------+--------+--------+-----+--------+
         Total |   3367 |   3298 |     69 |     55 |   2125 |   5 |  673.4 |
       Dungeon |   3367 |   3298 |     69 |     55 |   2125 |   5 |  673.4 |
               +--------+--------+--------+--------+--------+-----+--------+

Top non-repeatable levels by time:
     D:2: 906 daAuts
     D:4: 698 daAuts
     D:3: 666 daAuts
     D:1: 648 daAuts
     D:5: 448 daAuts
